 Dungeon Crawl Stone Soup version 0.27.0-1-g7a089689b8 (webtiles) character file.

Game seed: 7049601672460863114

342 inmateoo the Skirmisher (level 6, -3/42 (51) HPs)
             Began as a Demonspawn Gladiator on Aug 5, 2021.
             Was a Believer of Yredelemnul.
             Slain by a wight (5 damage)
             ... on level 3 of the Dungeon.
             The game lasted 00:03:29 (4149 turns).

inmateoo the Skirmisher (Demonspawn Gladiator)      Turns: 4149, Time: 00:03:29

HP:   -3/42 (51)    AC:  6    Str: 22    XL:     6   Next: 30%
MP:   6/6           EV: 12    Int: 10    God:    Yredelemnul [**....]
Gold: 126           SH:  0    Dex: 14    Spells: 5/5 levels left

rFire    . . .     SeeInvis .   o - +2 whip (freeze)
rCold    . . .     Faith    .   (no shield)
rNeg     . . .     Spirit   .   b - +0 leather armour
rPois    .         Reflect  .   (helmet restricted)
rElec    .         Harm     .   j - +2 cloak {Will+}
rCorr    .         Rampage  .   (no gloves)
Will     +....                  (no boots)
Stlth    +.........             (no amulet)
HPRegen  0.14/turn              f - +6 ring of strength
MPRegen  0.10/turn              (no ring)

@: heavily drained
A: antennae 2, claws 2, foul stench 1
a: Renounce Religion, Animate Remains, Recall Undead Slaves, Injury Mirror


You were on level 3 of the Dungeon.
You worshipped Yredelemnul.
Yredelemnul was pleased with you.
You visited 1 branch of the dungeon, and saw 4 of its levels.

You collected 126 gold pieces.

Inventory:

Hand Weapons
 a - a +0 rapier
 o - a +2 whip of freezing (weapon)
Missiles
 i - 2 throwing nets (quivered)
Armour
 b - a +0 leather armour (worn)
 c - a +0 helmet
 j - a +2 cloak of willpower (worn)
Jewellery
 f - a +6 ring of strength (left claw)
 m - a +6 ring of intelligence
Scrolls
 g - 3 scrolls of identify {unknown}
 n - a scroll of amnesia {unknown}
Potions
 d - a potion of mutation {unknown}
 e - 2 potions of heal wounds {unknown}
 h - 2 potions of flight {unknown}
 k - a potion of resistance {unknown}
 l - a potion of invisibility {unknown}


   Skills:
 + Level 5.4 Fighting
 - Level 2.6(2.8) Short Blades
 - Level 1.1(2.1) Long Blades
 - Level 1.7 Throwing
 + Level 1.5 Armour
 + Level 3.3 Dodging
 * Level 1.3 Unarmed Combat


You had 5 spell levels left.
You didn't know any spells.
Your spell library was empty.

Dungeon Overview and Level Annotations

Branches:
Dungeon (4/15)
 Temple: D:4-7

Altars:
Yredelemnul

Annotations:
D:4 3 runed translucent doors, AmberJosephineLiu's ghost, amateur HOFi; cykeltillsalu's ghost, weakling KoDe; trm's ghost, amateur DsCj


Innate Abilities, Weirdness & Mutations

You have a pair of antennae on your head.
You have very sharp fingernails.
You may rarely emit foul miasma when damaged in melee.


Message History

The wight misses you.
You climb upwards.
There is a stone staircase leading down, spattered with blood here.
You hit the wight.
The wight is lightly damaged.
The wight hits you with a +0 mace.
You feel drained.
You closely miss the wight.
The wight is lightly damaged.
The wight hits you with a +0 mace.
You hit the wight but do no damage.
The wight is lightly damaged.
The wight hits you with a +0 mace.
You barely miss the wight.
The wight is lightly damaged.
The wight hits you with a +0 mace!
You emit a cloud of foul miasma!
You barely miss the wight.
The wight is lightly damaged.
The wight hits you with a +0 mace.
You feel drained.
You are too injured to fight recklessly!
You hit the wight.
The wight is moderately damaged.
The wight closely misses you. x2
You are too injured to fight recklessly!
You closely miss the wight.
The wight is moderately damaged.
The wight misses you.
You closely miss the wight.
The wight is moderately damaged.
The wight hits you with a +0 mace!
* * * LOW HITPOINT WARNING * * *
You closely miss the wight. Your claw misses the wight.
The wight is moderately damaged.
The wight hits you with a +0 mace.
* * * LOW HITPOINT WARNING * * *
You feel drained.
* * * LOW HITPOINT WARNING * * *
You see here a +0 whip.
The wight hits you with a +0 mace.
You die...
Your body rises from the dead as a mindless zombie.

....##.###..# #...........#####..
###...†.....#####.#.......# ##..
###..##.................####...
##..##........(...............
#...##........#........#.....#
#...##.......<......(....<..##
##...#.......[.................
#...(.......>z..........#....##
#.###.......[)@#...#.####....##
###.#.....#######..#.#.#####....#
....#.###.### #...............#
#####.# #...## #.#.##...#...#.#.
#....# ###..## #.#.##.......#.#.
##.#### ##..###.#.##....##.....
#..# ##..#.......<####...## ..##
##.......#..####..## .##
##.....##........#


You could see a wight.

Vanquished Creatures
  An ogre (D:2)
  A wight (D:3)
  An orc priest (D:4)
  Crazy Yiuf (D:2)
  A gnoll (D:1)
  5 adders
  4 worms
  3 orcs
  6 endoplasms
  8 giant cockroaches
  5 hobgoblins
  12 jackals
  2 quokkas
  8 ball pythons
  4 bats
  2 frilled lizards
  6 goblins
  8 kobolds
  6 rats
  A spectral kobold (D:2)
85 creatures vanquished.

Vanquished Creatures (others)
  A withered plant (D:4)
1 creature vanquished.

Grand Total: 86 creatures vanquished

Notes
Turn   | Place    | Note
-------+----------+-------------------------------------------
     0 | D:1      | inmateoo the Demonspawn Gladiator began the quest for the
                  | Orb.
     0 | D:1      | Reached XP level 1. HP: 16/16 MP: 1/1
    89 | D:1      | Gained mutation: You may rarely emit foul miasma when
                  | damaged in melee. [demonic ancestry]
    89 | D:1      | Reached XP level 2. HP: 3/23 MP: 2/2
   490 | D:1      | Reached skill level 3 in Fighting
   686 | D:1      | Gained mutation: You have sharp fingernails. [demonic
                  | ancestry]
   686 | D:1      | Reached XP level 3. HP: 11/30 MP: 3/3
  1396 | D:2      | Reached skill level 4 in Fighting
  1879 | D:2      | Found a faded altar of an unknown god.
  1911 | D:2      | Gained mutation: You have very sharp fingernails. [demonic
                  | ancestry]
  1911 | D:2      | Reached XP level 4. HP: 28/38 MP: 4/4
  2020 | D:2      | Became a worshipper of Yredelemnul the Dark
  2020 | D:2      | Reached * piety under Yredelemnul
  2529 | D:2      | Found a runed translucent door.
  2530 | D:2      | Noticed Crazy Yiuf
  2543 | D:2      | Killed Crazy Yiuf
  2544 | D:2      | Reached skill level 5 in Fighting
  3212 | D:3      | Noticed an ogre
  3233 | D:2      | Killed an ogre
  3234 | D:2      | Reached skill level 1 in Long Blades
  3234 | D:2      | Reached skill level 1 in Armour
  3234 | D:2      | Gained mutation: You have a pair of small antennae on your
                  | head. [demonic ancestry]
  3234 | D:2      | Reached XP level 5. HP: 44/44 MP: 5/5
  3372 | D:3      | Reached ** piety under Yredelemnul
  3783 | D:3      | Gained mutation: You have a pair of antennae on your head.
                  | [demonic ancestry]
  3783 | D:3      | Reached XP level 6. HP: 50/51 MP: 6/6
  3792 | D:4      | Reached skill level 1 in Unarmed Combat
  3851 | D:4      | Found a runed translucent gate.
  3851 | D:4      | Found a runed translucent gate.
  3851 | D:4      | Found a runed translucent gate.
  3852 | D:4      | Noticed AmberJosephineLiu's ghost (amateur HOFi)
  3852 | D:4      | Noticed trm's ghost (amateur DsCj)
  3853 | D:4      | Noticed trm's ghost (amateur DsCj)
  4129 | D:4      | Noticed cykeltillsalu's ghost (weakling KoDe)
  4147 | D:3      | HP: 2/42 [wight (1)]
  4149 | D:3      | Slain by a wight

Illustrated notes

Levels and vault maps discovered:
D:1:      minmay_arrival_stone_box, layout_basic
D:2:      minmay_evil_eye, layout_basic,
          dreamdust_ecumenical_altar_drowned_temple, minmay_worlds_worst_comb,
          uniq_crazy_yiuf_cottage
D:3:      layout_rooms
D:4:      layout_loops_cross, gammafunk_ghost_cemetery, uniq_edmund, uniq_pikel

Skill      XL: |  1  2  3  4  5  6 |
---------------+-------------------+-----
Fighting       | 3 4 5 |  5.4
Long Blades    | 1 |  1.1
Armour         | 1 |  1.5
Dodging        | 3 |  3.3
Unarmed Combat | 1 |  1.3
Short Blades   | |  2.6
Throwing       | |  1.7

Action                   |  1- 3 |  4- 6 || total
-------------------------+-------+-------++-------
Melee: Rapier            |   140 |   144 ||   284
       Whip              |       |     9 ||     9
Throw: Throwing net      |       |     4 ||     4
  Use: Scroll            |       |     1 ||     1
 Stab: Held in net/web   |       |     3 ||     3
       Sleeping          |       |     2 ||     2
Armor: Leather armour    |    49 |    52 ||   101
Dodge: Dodged            |    74 |   106 ||   180
